 Dungeon Crawl Stone Soup version 0.31.0-11-ge490571c62 (webtiles) character file.

Game seed: 10204947377346687400

5807 qw the Markself (level 10, -8/59 HPs)
             Began as a Deep Elf Hunter on Feb 4, 2024.
             Was an Elder of Okawaru.
             Mangled by a two-headed ogre
             ... wielding a +0 giant spiked club
              (11 damage)
             ... on level 9 of the Dungeon.
             The game lasted 00:00:41 (6076 turns).

qw the Markself (Deep Elf Hunter)                   Turns: 6076, Time: 00:00:41

Health: -8/59      AC: 14    Str: 12    XL:     10   Next: 50%
Magic:  9/15       EV: 19    Int: 15    God:    Okawaru [****..]
Gold:   495        SH:  0    Dex: 18    Spells: 9/9 levels left

rFire   . . .        u - +0 orcbow (drain)
rCold   . . .        (shield currently unavailable)
rNeg    . . .        d - +1 ring mail
rPois   .            r - +2 helmet
rElec   +            (no cloak)
rCorr   .            (no gloves)
SInv    .            s - +0 pair of boots
Will    +....        (no amulet)
Stlth   +            h - ring of Joy {rElec AC+4}
HPRegen 0.29/turn    k - +5 ring of evasion
MPRegen 0.14/turn

%: no passive effects
@: about to teleport, finesse-ful
A: no striking features
a: Renounce Religion, Heroism, Finesse


You were on level 9 of the Dungeon.
You worshipped Okawaru.
Okawaru was greatly pleased with you.
You visited 2 branches of the dungeon, and saw 10 of its levels.

You collected 495 gold pieces.


   Skills:
 + Level 5.1 Fighting
 - Level 18.2 Ranged Weapons
 - Level 2.1 Armour
 - Level 8.0 Dodging
 - Level 1.2 Stealth
 + Level 5.1 Invocations


You had 9 spell levels left.
You didn't know any spells.
Your spell library was empty.

Inventory:

Hand Weapons
 u - a +0 orcbow of draining (weapon)
Armour
 d - a +1 ring mail (worn)
 r - a +2 helmet (worn)
 s - a +0 pair of boots (worn)
Jewellery
 h - the ring of Joy (left hand) {rElec AC+4}
   (You found it on level 2 of the Dungeon)

   [ring of protection]

   AC+4:      It affects your AC (+4).
   rElec:     It insulates you from electricity.
 k - a +5 ring of evasion (right hand)
Wands
 i - a wand of light (6)
 n - a wand of digging (9)
 q - a wand of iceblast (16)
Potions
 f - a potion of resistance
 g - a potion of might
 j - a potion of magic
 l - 2 potions of haste
 m - a potion of enlightenment
 o - 2 potions of curing

Dungeon Overview and Level Annotations

Branches:
Dungeon (9/15)             Temple (1/1) D:5
   Lair: D:8-11         Orc: D:9-12

Altars:
Ashenzari
Cheibriados
Dithmenos
Elyvilon
Fedhas
Gozag
Hepliaklqana
Kikubaaqudgha
Makhleb
Nemelex Xobeh
Okawaru
Qazlal
Ru
Sif Muna
Trog
Uskayaw
Vehumet
Wu Jian
Xom
Yredelemnul
Zin

Shops:
D:6 *

Annotations:
D:6 1 runed translucent door, Crazy Yiuf
D:7 3 runed translucent doors, qw's ghost, novice DEHu


Message History

The yak is severely wounded.
The yak gores you!
6067 ||| READING 2 scrolls of teleportation.
As you read the scroll of teleportation, it crumbles to dust.
You feel strangely unstable. The yak misses you.
An orc wizard comes into view. It is wielding a +0 dagger.
The orc priest begins to cast a cantrip, but forgets the words!
You shoot an arrow. The arrow hits the yak!
You drain the yak.
The yak is almost dead.
The yak gores you but does no damage.
You shoot an arrow. The arrow barely misses the yak.
You shoot an arrow. The arrow hits the yak!
You kill the yak!
Okawaru accepts your kill.
Your Dodging skill increases to level 8!
You shoot an arrow. The arrow hits the orc priest.
The orc priest is lightly wounded.
The orc priest calls down the wrath of Beogh upon you.
Pain shoots through your body!
You shoot an arrow. The arrow hits the orc priest!
You drain the orc priest.
You kill the orc priest!
Okawaru accepts your kill.
Your surroundings suddenly seem different.
A two-headed ogre comes into view.
It is wielding a +0 giant spiked club and a +0 giant club.
Found an orcbow.
Found a stone staircase leading up.
The two-headed ogre shouts in stereo!
6073 ||| INVOKING Finesse.
You can now deal lightning-fast blows.
6074 ||| READING scroll of teleportation.
As you read the scroll of teleportation, it crumbles to dust.
You feel strangely unstable.
You shoot an arrow.
The arrow barely misses the two-headed ogre.
You shoot an arrow. The arrow hits the two-headed ogre.
You drain the two-headed ogre.
The two-headed ogre is lightly wounded.
The two-headed ogre barely misses you.
The two-headed ogre hits you with a +0 giant club!
You die...

##+#
##...##
##.)...##
##.......##
#<........#
+.........+
#......O..#
#.....@.#
##.....##
##...##
##+#


You could see a two-headed ogre (drained).

Vanquished Creatures
  Psyche (D:8)
  Grinder (D:5)
  A wraith (D:9)
  A wyvern (D:8)
  15 yaks
  2 steam dragons
  An acid dragon (D:8)
  2 water moccasins
  2 orc warriors
  An ice beast (D:7)
  2 centaurs (D:8)
  4 bullfrogs
  2 scorpions
  3 howler monkeys (D:7)
  12 orc priests
  3 bombardier beetles
  4 hounds
  4 jellies
  2 sleepcaps
  3 iguanas
  Natasha (D:1)
  2 orc wizards
  3 gnolls (D:2)
  2 adders
  2 ufetubi (D:6)
  6 dart slugs
  6 ribbon worms
  32 orcs
  5 ball pythons
  3 endoplasms
  7 giant cockroaches
  7 goblins
  7 hobgoblins
  10 kobolds
  9 quokkas
  3 bats
  8 frilled lizards
  5 rats
184 creatures vanquished.

Notes
Turn   | Place    | Note
-------+----------+-------------------------------------------
     0 | D:1      | qw the Deep Elf Hunter began the quest for the Orb.
     0 | D:1      | Reached XP level 1. HP: 12/12 MP: 3/3
     0 | D:1      | 0 ||| qw: Version: 0.3-a-160-g6735b56
     0 | D:1      | 0 ||| qw: Game counter: 4353
     0 | D:1      | 0 ||| qw: Melee chars always use a shield: true
     0 | D:1      | 0 ||| qw: God list: Okawaru
     0 | D:1      | 0 ||| qw: Allow faded altars: false
     0 | D:1      | 0 ||| qw: Do Orc after clearing Dungeon:15 true
     0 | D:1      | 0 ||| qw: Do second Lair branch before Depths: true
     0 | D:1      | 0 ||| qw: Lair rune preference: random
     0 | D:1      | 0 ||| qw: Goals: Normal
     0 | D:1      | 0 ||| PLANNING D:1-11
    56 | D:1      | Reached XP level 2. HP: 16/16 MP: 4/4
    97 | D:1      | Reached skill level 6 in Ranged Weapons
   364 | D:1      | Reached XP level 3. HP: 20/20 MP: 5/5
   634 | D:1      | 634 ||| UPGRADING to +0 ring mail.
   644 | D:1      | 644 ||| DROPPING +0 leather armour.
   645 | D:1      | 645 ||| DRINKING 2 fizzy inky potions.
   646 | D:1      | 646 ||| DROPPING scroll of butterflies.
   724 | D:2      | Reached skill level 7 in Ranged Weapons
   734 | D:2      | Noticed Natasha
   736 | D:2      | 736 ||| FLEEEEING.
   737 | D:2      | 737 ||| FLEEEEING.
   738 | D:2      | 738 ||| FLEEEEING.
   739 | D:2      | 739 ||| STAIRDANCE
   775 | D:2      | 775 ||| STAIRDANCE
   780 | D:1      | HP: 3/20 [Natasha (6)]
   782 | D:1      | Killed Natasha
   783 | D:1      | Reached XP level 4. HP: 5/25 MP: 6/6
   912 | D:2      | Reached skill level 8 in Ranged Weapons
  1093 | D:2      | Identified the ring of Joy {rElec AC+4}
  1166 | D:2      | Reached XP level 5. HP: 29/29 MP: 7/7
  1355 | D:2      | 1355 ||| UPGRADING to ring of Joy {rElec AC+4}.
  1356 | D:2      | 1356 ||| UPGRADING to +5 ring of evasion.
  1357 | D:2      | 1357 ||| READING 2 scrolls labelled PAXUZE ROUGGUH.
  1357 | D:2      | 1357 ||| IDENTIFYING fizzy red potion
  1358 | D:2      | 1358 ||| READING scroll of identify.
  1358 | D:2      | 1358 ||| IDENTIFYING scroll labelled FIMPOF BOOSOLA
  1359 | D:2      | 1359 ||| READING scroll labelled SIT ZELUIXICSE.
  1360 | D:2      | 1360 ||| READING 3 scrolls labelled VAWIFOIGEP.
  1361 | D:2      | 1361 ||| READING scroll labelled NOECERETRUE.
  1462 | D:2      | 1462 ||| DROPPING scroll of fear.
  1463 | D:2      | 1463 ||| DROPPING 2 scrolls of revelation.
  1470 | D:3      | 1470 ||| STAIRDANCE
  1474 | D:3      | 1474 ||| STAIRDANCE
  1480 | D:3      | 1480 ||| STAIRDANCE
  1485 | D:3      | 1485 ||| STAIRDANCE
  1506 | D:3      | 1506 ||| STAIRDANCE
  1533 | D:3      | 1533 ||| STAIRDANCE
  1559 | D:3      | 1559 ||| STAIRDANCE
  1798 | D:3      | Reached skill level 9 in Ranged Weapons
  2011 | D:3      | 2011 ||| FLEEEEING.
  2012 | D:3      | 2012 ||| FLEEEEING.
  2013 | D:3      | 2013 ||| FLEEEEING.
  2014 | D:3      | 2014 ||| FLEEEEING.
  2015 | D:3      | 2015 ||| FLEEEEING.
  2016 | D:3      | 2016 ||| FLEEEEING.
  2020 | D:3      | 2020 ||| DRINKING potion of curing.
  2020 | D:3      | 2020 ||| (to cure confusion)
  2031 | D:3      | Reached XP level 6. HP: 33/35 MP: 8/8
  2184 | D:3      | 2184 ||| READING scroll labelled GOMNIGIDUI.
  2185 | D:3      | 2185 ||| READING scroll labelled VAXKUSSIFRE.
  2882 | D:4      | 2882 ||| READING 2 scrolls of identify.
  2882 | D:4      | 2882 ||| IDENTIFYING bubbling amethyst potion
  2883 | D:4      | 2883 ||| READING scroll of identify.
  2883 | D:4      | 2883 ||| IDENTIFYING golden potion
  2884 | D:4      | 2884 ||| READING 2 scrolls labelled QYILUI EQUEF.
  2884 | D:4      | 2884 ||| BRANDING +0 shortbow.
  2917 | D:5      | Entered Level 5 of the Dungeon
  2918 | D:5      | Found an ornate altar of the Wu Jian Council.
  2950 | D:5      | Reached skill level 10 in Ranged Weapons
  2983 | D:5      | Reached skill level 3 in Dodging
  3079 | D:5      | Found a staircase to the Ecumenical Temple.
  3080 | D:5      | 3080 ||| PLANNING TEMPLE
  3080 | D:5      | 3080 ||| READING 2 scrolls of identify.
  3080 | D:5      | 3080 ||| IDENTIFYING orange potion
  3081 | D:5      | 3081 ||| DRINKING potion of experience.
  3081 | D:5      | Reached skill level 18 in Ranged Weapons
  3081 | D:5      | Reached XP level 7. HP: 40/40 MP: 9/9
  3082 | D:5      | 3082 ||| READING scroll of identify.
  3082 | D:5      | 3082 ||| IDENTIFYING 2 fizzy pink potions
  3083 | D:5      | 3083 ||| DRINKING 2 amethyst potions.
  3084 | D:5      | 3084 ||| DRINKING 3 sedimented black potions.
  3085 | D:5      | 3085 ||| DROPPING potion of brilliance.
  3086 | D:5      | 3086 ||| DROPPING 2 potions of attraction.
  3095 | Temple   | Entered the Ecumenical Temple
  3096 | Temple   | 3096 ||| PLANNING OKAWARU WORSHIP
  3104 | Temple   | Became a worshipper of Warmaster Okawaru
  3105 | Temple   | 3105 ||| PLANNING D:1-11
  3274 | D:5      | Reached skill level 1 in Armour
  3491 | D:5      | Noticed Grinder
  3492 | D:5      | 3492 ||| DRINKING 2 potions of haste.
  3499 | D:5      | Killed Grinder
  3499 | D:5      | Reached * piety under Okawaru
  3500 | D:5      | Reached XP level 8. HP: 45/45 MP: 10/10
  3528 | D:5      | 3528 ||| READING scroll labelled FIETZE GUNGOAH.
  3528 | D:5      | 3528 ||| ENCHANTING +0 ring mail.
  3692 | D:6      | Reached skill level 3 in Fighting
  3692 | D:6      | Reached skill level 1 in Invocations
  3873 | D:6      | 3873 ||| RETREEEEATING.
  3875 | D:6      | 3875 ||| RETREEEEATING.
  3876 | D:6      | 3876 ||| RETREEEEATING.
  3878 | D:6      | 3878 ||| RETREEEEATING.
  3879 | D:6      | 3879 ||| RETREEEEATING.
  3880 | D:6      | 3880 ||| RETREEEEATING.
  3882 | D:6      | 3882 ||| FLEEEEING.
  3883 | D:6      | 3883 ||| STAIRDANCE
  4008 | D:6      | 4008 ||| STAIRDANCE
  4015 | D:6      | 4015 ||| STAIRDANCE
  4200 | D:6      | Found an opulent altar of Gozag.
  4202 | D:6      | Found Gozag's Platinum Reserve.
  4219 | D:6      | Reached ** piety under Okawaru
  4333 | D:6      | 4333 ||| SHOPLISTING +1 ring mail of Laratul {rN++} (2650
                  | gold, have 396).
  4333 | D:6      | 4333 ||| SHOPLISTING +3 ring mail of the Merwolf {Int+2
                  | Dex+3 Stlth+} (3930 gold, have 396).
  4485 | D:6      | Found a runed translucent door.
  4486 | D:6      | Noticed Crazy Yiuf
  4543 | D:6      | 4543 ||| READING 2 scrolls of identify.
  4543 | D:6      | 4543 ||| IDENTIFYING scroll labelled TAW UCENES
  4544 | D:6      | 4544 ||| DROPPING scroll of amnesia.
  4601 | D:7      | Reached skill level 3 in Invocations
  4603 | D:7      | Reached XP level 9. HP: 50/50 MP: 13/13
  4614 | D:7      | Found a runed translucent gate.
  4614 | D:7      | Found a runed translucent gate.
  4614 | D:7      | Found a runed translucent gate.
  4614 | D:7      | Noticed qw's ghost (novice DEHu)
  4615 | D:7      | Noticed qw's ghost (novice DEHu)
  4829 | D:7      | 4829 ||| Stepping ~*~*~tactically~*~*~ (cloud).
  4831 | D:7      | 4831 ||| Stepping ~*~*~tactically~*~*~ (cloud).
  5044 | D:7      | 5044 ||| UPGRADING to +0 helmet.
  5049 | D:7      | 5049 ||| UPGRADING to +2 helmet.
  5059 | D:7      | 5059 ||| DROPPING +0 helmet.
  5060 | D:7      | 5060 ||| READING 2 scrolls of identify.
  5060 | D:7      | 5060 ||| IDENTIFYING emerald potion
  5099 | D:8      | 5099 ||| RETREEEEATING.
  5197 | D:8      | Reached *** piety under Okawaru
  5308 | D:8      | Identified the ring "Zudaycra" {rC+ rN+}
  5326 | D:8      | Reached skill level 6 in Dodging
  5327 | D:8      | 5327 ||| FLEEEEING.
  5328 | D:8      | 5328 ||| DRINKING 3 potions of curing.
  5328 | D:8      | 5328 ||| (to cure confusion)
  5337 | D:8      | HP: 12/52 [orc warrior/+4 flail (4)]
  5338 | D:8      | 5338 ||| READING 3 scrolls of teleportation.
  5339 | D:8      | 5339 ||| DRINKING potion of heal wounds.
  5434 | D:8      | 5434 ||| RETREEEEATING.
  5435 | D:8      | 5435 ||| RETREEEEATING.
  5436 | D:8      | 5436 ||| RETREEEEATING.
  5440 | D:8      | 5440 ||| RETREEEEATING.
  5441 | D:8      | 5441 ||| RETREEEEATING.
  5442 | D:8      | 5442 ||| RETREEEEATING.
  5443 | D:8      | 5443 ||| RETREEEEATING.
  5444 | D:8      | 5444 ||| RETREEEEATING.
  5445 | D:8      | 5445 ||| RETREEEEATING.
  5446 | D:8      | 5446 ||| RETREEEEATING.
  5447 | D:8      | 5447 ||| RETREEEEATING.
  5448 | D:8      | 5448 ||| RETREEEEATING.
  5450 | D:8      | 5450 ||| RETREEEEATING.
  5451 | D:8      | 5451 ||| RETREEEEATING.
  5452 | D:8      | 5452 ||| RETREEEEATING.
  5453 | D:8      | 5453 ||| RETREEEEATING.
  5454 | D:8      | 5454 ||| RETREEEEATING.
  5455 | D:8      | 5455 ||| RETREEEEATING.
  5456 | D:8      | 5456 ||| RETREEEEATING.
  5457 | D:8      | 5457 ||| RETREEEEATING.
  5458 | D:8      | 5458 ||| RETREEEEATING.
  5459 | D:8      | 5459 ||| RETREEEEATING.
  5460 | D:8      | 5460 ||| RETREEEEATING.
  5461 | D:8      | 5461 ||| RETREEEEATING.
  5479 | D:8      | Reached XP level 10. HP: 40/57 MP: 15/15
  5662 | D:8      | 5662 ||| SWAPPING to +0 orcbow.
  5663 | D:8      | 5663 ||| DROPPING +0 heavy shortbow.
  5664 | D:8      | 5664 ||| READING scroll of brand weapon.
  5664 | D:8      | 5664 ||| BRANDING +0 orcbow.
  5679 | D:8      | Noticed Psyche
  5685 | D:8      | Killed Psyche
  5685 | D:8      | Reached **** piety under Okawaru
  5882 | D:8      | 5882 ||| UPGRADING to +0 pair of boots.
  5887 | D:8      | 5887 ||| DROPPING ring "Zudaycra" {rC+ rN+}.
  5888 | D:8      | 5888 ||| READING scroll of identify.
  5888 | D:8      | 5888 ||| IDENTIFYING bubbling purple potion
  5889 | D:8      | 5889 ||| READING scroll labelled OPSOHO JIRIFE.
  6010 | D:9      | 6010 ||| RETREEEEATING.
  6011 | D:9      | 6011 ||| RETREEEEATING.
  6012 | D:9      | 6012 ||| RETREEEEATING.
  6013 | D:9      | 6013 ||| RETREEEEATING.
  6014 | D:9      | 6014 ||| RETREEEEATING.
  6018 | D:9      | 6018 ||| INVOKING Finesse.
  6066 | D:9      | HP: 14/59 [yak (12)]
  6067 | D:9      | 6067 ||| READING 2 scrolls of teleportation.
  6071 | D:9      | HP: 2/59 [orc priest/nerve-wracking pain (13)]
  6072 | D:9      | Noticed a two-headed ogre
  6073 | D:9      | 6073 ||| INVOKING Finesse.
  6074 | D:9      | 6074 ||| READING scroll of teleportation.
  6076 | D:9      | Mangled by a two-headed ogre

Levels and vault maps discovered:
D:1:      erik_arrival_blinker_ship, layout_basic
D:2:      layout_rooms, minmay_split_cup_small, uniq_natasha
D:3:      layout_basic
D:4:      layout_cave_pods, nrook_loot_triangle
D:5:      layout_loops_cross, mainiacjoe_overflow_catwalk,
          minmay_temple_entry_antechambers, uniq_grinder
D:6:      layout_loops_ring, nicolae_gozag_zags_fifth_avenue,
          uniq_crazy_yiuf_cottage
D:7:      layout_cave_pools, gammafunk_ghost_cemetery
D:8:      layout_basic, uniq_psyche
D:9:      layout_loops_corners, tso_altar, erik_orc_4, minmay_misc_feat_rows
Temple:   compressed_dpeg_triangle_lava_temple

Skill      XL: |  1  2  3  4  5  6  7  8  9 10 |
---------------+-------------------------------+-----
Ranged Weapons | 6 7 8 9 18 | 18.2
Fighting       | 2 3 4 5 |  5.1
Dodging        | 3 4 7 8 |  8.0
Armour         | 1 2 |  2.1
Invocations    | 3 4 5 |  5.1
Stealth        | |  1.2

Action                     |  1- 3 |  4- 6 |  7- 9 | 10-12 || total
---------------------------+-------+-------+-------+-------++-------
   Fire: Shortbow          |    89 |   250 |   215 |    12 ||   566
         Orcbow            |       |       |       |    78 ||    78
 Invoke: Finesse           |       |       |       |     2 ||     2
    Use: Potion            |     1 |     2 |     5 |       ||     8
         Scroll            |       |    11 |     5 |     5 ||    21
 Armour: Leather armour    |    11 |       |       |       ||    11
         Ring mail         |    10 |    56 |    48 |    15 ||   129
  Dodge: Dodged            |    10 |    79 |    82 |    21 ||   192

Table legend:
 A = Non-vault XP
 B = Vault XP
 C = Vault XP percentage of total XP
 D = Non-vault monster count
 E = Vault monster count
 F = Vault count percentage of total count
                 A         B        C        D         E       F
            +---------+---------+-------+---------+---------+-------
      Total |    7023 |     734 |   9.5 |     176 |       8 |   4.3
            +---------+---------+-------+---------+---------+-------
        D:1 |      47 |      35 |  42.7 |      25 |       1 |   3.8
        D:2 |     130 |       8 |   5.8 |      25 |       3 |  10.7
        D:3 |     179 |       0 |   0.0 |      27 |       0 |   0.0
        D:4 |     117 |       0 |   0.0 |      16 |       0 |   0.0
        D:5 |     343 |     267 |  43.8 |      10 |       1 |   9.1
        D:6 |     858 |       0 |   0.0 |      29 |       0 |   0.0
        D:7 |     938 |       0 |   0.0 |      12 |       0 |   0.0
        D:8 |    2779 |     340 |  10.9 |      24 |       1 |   4.0
        D:9 |    1632 |      84 |   4.9 |       8 |       2 |  20.0
            +---------+---------+-------+---------+---------+-------
